 Dungeon Crawl Stone Soup version 0.30.0-20-g3615ddf2f0 (webtiles) character file.

Game seed: 7707282858649035353

70 qw the Chopper (level 4, 0/28 HPs)
             Began as a Gargoyle Fighter on May 27, 2023.
             Killed by divine providence
             ... invoked by an orc priest
              (16 damage)
             ... on level 3 of the Dungeon.
             The game lasted 00:00:52 (1567 turns).

qw the Chopper (Gargoyle Fighter)                   Turns: 1567, Time: 00:00:53

Health: 0/28       AC: 11    Str: 22    XL:     4   Next: 22%
Magic:  4/4        EV:  9    Int:  8    God:
Gold:   139        SH:  4    Dex:  9    Spells: 3/3 levels left

rFire   + . .        Y - +1 war axe
rCold   + . .        c - +0 buckler
rNeg    + . .        b - +0 scale mail
rPois   inf          (no helmet)
rElec   +            (no cloak)
rCorr   .            (no gloves)
SInv    .            o - +0 pair of boots
Will    .....        (no amulet) Stlth
                     g - ring of protection from fire
HPRegen 0.24/turn    k - ring of protection from cold
MPRegen 0.09/turn

%: no passive effects
@: no status effects
A: sickness immunity, AC +3, negative energy resistance 1, electricity
resistance, torment resistance 1, petrification resistance
a: no special abilities


You were on level 3 of the Dungeon.
You visited 1 branch of the dungeon, and saw 3 of its levels.

You collected 139 gold pieces.


Innate Abilities, Weirdness & Mutations

You are immune to sickness and miasma.
Your stone body is resilient. (AC +3)
You are immune to poison.
You resist negative energy. (rN+)
You are resistant to electric shocks. (rElec)
You are resistant to unholy torment.
You are immune to petrification.


   Skills:
 - Level 3.2 Fighting
 - Level 3.8 Axes
 + Level 0.5 Throwing
 - Level 3.2 Armour
 - Level 3.2 Shields


You had 3 spell levels left.
You didn't know any spells.
Your spell library was empty.

Inventory:

Hand Weapons
 e - a +0 club
 Y - a +1 war axe (weapon)
Missiles
 q - 4 javelins (quivered)
Armour
 b - a +0 scale mail (worn)
 c - a +0 buckler (worn)
 o - a +0 pair of boots (worn)
Jewellery
 g - a ring of protection from fire (left hand)
 k - a ring of protection from cold (right hand)
 m - a ring of protection from cold
Scrolls
 a - a scroll of identify
Potions
 d - a potion of might
 h - a potion of heal wounds

Dungeon Overview and Level Annotations

Branches:
Dungeon (3/15)

Altars:

Shops:
D:1 ?


Message History

The jackal bites you but does no damage.
The jackal closely misses you.
You barely miss the jackal.
The jackal is moderately wounded.
The jackal closely misses you.
You closely miss the jackal.
The jackal is moderately wounded.
The jackal closely misses you. The jackal barely misses you.
You barely miss the jackal.
The jackal is moderately wounded.
The jackal closely misses you. You block the jackal's attack.
You miss the jackal.
The jackal is moderately wounded.
The jackal bites you. The jackal barely misses you.
The jackal barks!
You hit the jackal.
The jackal is almost dead.
You hear a shout! x2
The jackal barely misses you.
An orc wizard comes into view. It is wielding a +0 dagger.
The jackal bites you but does no damage.
You hear a shout!
You closely miss the jackal.
The jackal is almost dead.
The jackal barely misses you. x2
The orc priest mumbles some strange prayers to Beogh against you.
Beogh smites you!
You closely miss the jackal.
The jackal is almost dead.
The jackal barely misses you.
The orc wizard casts a spell.
The orc wizard flickers and vanishes!
Deactivating autopickup; reactivate with Ctrl-A.
The jackal closely misses you.
You slash the jackal!
You kill the jackal!
The orc priest calls down the wrath of Beogh upon you.
Beogh smites you!
Ouch! That really hurt!
You die...

###.........#
$.#..###..#.# .
..........#.# ..#
#.#..####.#.# ####
o...###.#..# #.#.###...
o.#....h#.. #.#.......
.h.h?.oo#.. #.#.###.##
#.#.# #.#.# #.# #@#.#
#.#####.## ##.###.#.#
#.#.......
..........#####.#.###.##
#######................#
#########.#####.## ###
#:# ###


You could see an orc priest, an orc and a jackal.

Vanquished Creatures
  2 adders (D:2)
  2 worms
  4 dart slugs
  2 ball pythons
  4 endoplasms
  3 giant cockroaches
  2 goblins (D:1)
  5 hobgoblins
  2 jackals (D:3)
  2 kobolds
  2 quokkas (D:1)
  2 bats (D:1)
  3 frilled lizards
35 creatures vanquished.

Notes
Turn   | Place    | Note
-------+----------+-------------------------------------------
     0 | D:1      | qw the Gargoyle Fighter began the quest for the Orb.
     0 | D:1      | Reached XP level 1. HP: 14/14 MP: 1/1
     0 | D:1      | 0 ||| qw: Version: 0.2-a-99-gce666ed
     0 | D:1      | 0 ||| qw: Game counter: 115
     0 | D:1      | 0 ||| qw: Always use a shield: true
     0 | D:1      | 0 ||| qw: God list: Okawaru
     0 | D:1      | 0 ||| qw: Allow faded altars: false
     0 | D:1      | 0 ||| qw: Do Orc after D:15 true
     0 | D:1      | 0 ||| qw: Do second Lair branch before Depths: true
     0 | D:1      | 0 ||| qw: Lair rune preference: random
     0 | D:1      | 0 ||| qw: Plans: Normal, Zot:1-4, God:TSO, Crypt, Tomb,
                  | Pan, Slime:5, Hells, Abyss, Win
     0 | D:1      | 0 ||| PLANNING D:1-11
    23 | D:1      | Found a faded altar of an unknown god.
   126 | D:1      | Found Xamigh's Magic Scroll Shop.
   149 | D:1      | 149 ||| SHOPLISTING scroll of identify (20 gold, have 0).
   149 | D:1      | 149 ||| SHOPLISTING scroll of teleportation (30 gold, have
                  | 0).
   189 | D:1      | Reached XP level 2. HP: 18/19 MP: 2/2
   650 | D:1      | Reached skill level 3 in Axes
   737 | D:1      | 737 ||| UPGRADING to ring of protection from fire.
   738 | D:1      | 738 ||| UPGRADING to ring of protection from cold.
   739 | D:1      | 739 ||| READING 2 scrolls labelled DOEGUSK KEANT.
   740 | D:1      | 740 ||| READING scroll labelled WUUFAC KEASHRAN.
   807 | D:2      | Reached XP level 3. HP: 23/23 MP: 3/3
   891 | D:2      | 891 ||| Stepping ~*~*~tactically~*~*~ (stealth).
   892 | D:2      | 892 ||| Stepping ~*~*~tactically~*~*~ (stealth).
  1017 | D:2      | 1017 ||| Stepping ~*~*~tactically~*~*~ (hiding).
  1037 | D:2      | 1037 ||| Stepping ~*~*~tactically~*~*~ (stealth).
  1038 | D:2      | 1038 ||| Stepping ~*~*~tactically~*~*~ (stealth).
  1041 | D:2      | 1041 ||| Stepping ~*~*~tactically~*~*~ (stealth).
  1210 | D:2      | Reached XP level 4. HP: 25/28 MP: 4/4
  1386 | D:2      | 1386 ||| UPGRADING to +0 pair of boots.
  1391 | D:2      | 1391 ||| DROPPING ring of magical power.
  1392 | D:2      | 1392 ||| READING scroll labelled VINESILYARCH.
  1393 | D:2      | 1393 ||| READING scroll labelled ATTEERR POETI.
  1394 | D:2      | 1394 ||| DRINKING 2 bubbling dark potions.
  1395 | D:2      | 1395 ||| DRINKING 2 clear potions.
  1403 | D:2      | 1403 ||| READING 3 scrolls of identify.
  1403 | D:2      | 1403 ||| IDENTIFYING fuming coppery potion
  1404 | D:2      | 1404 ||| READING 2 scrolls of identify.
  1404 | D:2      | 1404 ||| IDENTIFYING smoky purple potion
  1405 | D:2      | 1405 ||| DROPPING potion of flight.
  1406 | D:2      | 1406 ||| DROPPING potion of berserk rage.
  1407 | D:2      | 1407 ||| DROPPING potion of ambrosia.
  1443 | D:3      | 1443 ||| Stepping ~*~*~tactically~*~*~ (hiding).
  1444 | D:3      | 1444 ||| Stepping ~*~*~tactically~*~*~ (hiding).
  1507 | D:3      | 1507 ||| Stepping ~*~*~tactically~*~*~ (stealth).
  1554 | D:3      | 1554 ||| Stepping ~*~*~tactically~*~*~ (hiding).
  1567 | D:3      | Killed from afar by an orc priest

Levels and vault maps discovered:
D:1:      wander_arrival_fairy_ring, layout_basic, serial_shops, shop,
          chequers_ecumenical_altar_simple_redux
D:2:      layout_basic, serial_bayou_pond_b
D:3:      layout_basic

Skill      XL: |  1  2 |
---------------+-------+-----
Axes           | 2 3 |  3.8
Fighting       | |  3.2
Throwing       | |  0.5
Armour         | |  3.2
Shields        | |  3.2

Action                     |  1- 3 |  4- 6 || total
---------------------------+-------+-------++-------
  Melee: War axe           |   117 |    21 ||   138
  Throw: Javelin           |       |     5 ||     5
    Use: Scroll            |     2 |     4 ||     6
         Potion            |       |     2 ||     2
 Armour: Scale mail        |    57 |     9 ||    66
  Dodge: Dodged            |    59 |    13 ||    72
  Block: Buckler           |    20 |     3 ||    23

Table legend:
 A = Non-vault XP
 B = Vault XP
 C = Vault XP percentage of total XP
 D = Non-vault monster count
 E = Vault monster count
 F = Vault count percentage of total count
                 A         B        C        D         E       F
            +---------+---------+-------+---------+---------+-------
      Total |      72 |      31 |  30.1 |      31 |       4 |  11.4
            +---------+---------+-------+---------+---------+-------
        D:1 |      31 |       0 |   0.0 |      16 |       0 |   0.0
        D:2 |      28 |      31 |  52.5 |      11 |       4 |  26.7
        D:3 |      13 |       0 |   0.0 |       4 |       0 |   0.0
            +---------+---------+-------+---------+---------+-------
